 Dungeon Crawl Stone Soup version 0.30.0-18-gc0e69614cb (webtiles) character file.

Game seed: 4713872657032512922

85627 Mahakala the Severer (level 15, -4/141 HPs)
             Began as a Minotaur Berserker on May 24, 2023.
             Was the Champion of Trog.
             Slain by a phantasmal warrior (10 damage)
             ... on level 1 of the Snake Pit.
             The game lasted 01:10:46 (21401 turns).

Mahakala the Severer (Minotaur Berserker)          Turns: 21401, Time: 01:10:47

Health: -4/141     AC: 25    Str: 26    XL:     15   Next: 38%
Magic:  14/14      EV:  6    Int:  6    God:    Trog [******]
Gold:   877        SH: 13    Dex: 11    Spells: 14/14 levels left

rFire   + + +        w - +5 broad axe (protect)
rCold   + . .        D - +0 kite shield
rNeg    . . .        K - +2 chain mail of Negation {rElec rF++ rC+ Stlth-}
rPois   +            (helmet restricted)
rElec   +            (no cloak)
rCorr   .            f - +0 pair of gloves
SInv    .            C - +0 pair of boots
Will    +....        (no amulet) Stlth
                     V - ring of Quefuel {rF+ Will+}
HPRegen 0.43/turn    Z - ring of poison resistance
MPRegen 0.14/turn

%: no passive effects
@: weak-willed, under a protective aura, constricted, studying 2 skills
A: horns 2, retaliatory headbutt
a: Renounce Religion, Berserk, Trog's Hand, Brothers in Arms


You were on level 1 of the Snake Pit.
You worshipped Trog.
Trog was exalted by your worship.
You visited 4 branches of the dungeon, and saw 22 of its levels.
You also visited: Sewer, Ossuary and Bailey.

You collected 2102 gold pieces.
You spent 1225 gold pieces at shops.

Inventory:

Hand Weapons
 a - a +0 war axe of flaming
 b - a +0 war axe of holy wrath
 w - a +5 broad axe of protection (weapon)
Missiles
 g - a curare-tipped dart {!f}
 F - 55 poisoned darts (quivered)
 G - 4 javelins
 I - 4 silver javelins
 U - a throwing net {!f}
 X - a boomerang
 Y - 2 boomerangs of dispersal
Armour
 f - a +0 pair of gloves (worn)
 C - a +0 pair of boots (worn)
 D - a +0 kite shield (worn)
 K - the +2 chain mail of Negation (worn) {rElec rF++ rC+ Stlth-}
   (You found it on level 12 of the Dungeon)

   rF:        It greatly protects you from fire.
   rC:        It protects you from cold.
   rElec:     It insulates you from electricity.
   Stlth:     It makes you less stealthy.
Jewellery
 l - a ring of willpower
 m - a +6 ring of dexterity
 v - a ring of flight
 z - a ring of see invisible
 Q - a +4 ring of slaying
 V - the ring of Quefuel (left hand) {rF+ Will+}
   (You found it on level 13 of the Dungeon)

   [ring of protection from fire]

   rF:        It protects you from fire.
   Will:      It increases your willpower.
 Z - a ring of poison resistance (right hand)
Wands
 d - a wand of iceblast (8)
 s - a wand of polymorph (21)
 t - a wand of flame (89)
 u - a wand of paralysis (4)
Scrolls
 i - 4 scrolls of blinking {@r3}
 j - 8 scrolls of teleportation {@r4}
 n - 4 scrolls of enchant armour
 r - 5 scrolls of fog
 x - 3 scrolls of poison
 y - 2 scrolls of torment
 H - 4 scrolls of vulnerability
 L - 3 scrolls of enchant weapon
 M - a scroll of fear
 N - 5 scrolls of immolation
 O - a scroll of summoning
 P - 4 scrolls of magic mapping
 S - 2 scrolls of silence
Potions
 c - 18 potions of curing {@q1}
 e - 5 potions of berserk rage
 h - 4 potions of haste {@q3}
 k - 7 potions of attraction
 o - 3 potions of cancellation
 p - a potion of mutation
 q - 12 potions of heal wounds {@q2}
 A - 3 potions of invisibility
 B - 2 potions of flight
 E - 4 potions of might
 J - a potion of resistance
 R - 6 potions of ambrosia
 T - 5 potions of lignification
Miscellaneous
 W - a box of beasts


   Skills:
 - Level 15.0 Fighting
 - Level 18.0 Axes
 - Level 7.0 Throwing
 + Level 14.8 Armour
 - Level 2.1 Dodging
 - Level 15.0 Shields
 + Level 7.2 Evocations


You had 14 spell levels left.
You didn't know any spells.
Your spell library was empty.

Dungeon Overview and Level Annotations

Branches:
Dungeon (14/15)            Temple (0/1) D:5            Lair (5/5) D:9
  Swamp (0/4) Lair:3        Snake (1/4) Lair:2        Slime (0/5) Lair:4
    Orc (2/2) D:12            Elf (0/3) Orc:2        Vaults (0/5) D:14
  Sewer (visited)         Ossuary (visited)          Bailey (visited)

Altars:
Cheibriados
Elyvilon
Fedhas
Gozag
Kikubaaqudgha
Okawaru
Uskayaw
Wu Jian
Xom
Yredelemnul
Jiyva

Shops:
D:3 (   D:10 *   D:12 ?   Orc:2 :*(=

Annotations:
D:6 unseen horror!
Lair:2 1 runed translucent door, math4jedi's ghost, journeyman MiBe


Innate Abilities, Weirdness & Mutations

You have a pair of horns on your head.
You reflexively headbutt those who attack you in melee.


Message History

The anaconda constricts you.
You slash the anaconda!
The anaconda is severely wounded.
You slash the phantasmal warrior! You hit the phantasmal warrior.
The phantasmal warrior gestures at you.
The phantasmal warrior blinks!
You block the phantasmal warrior's attack. x2
You block the anaconda's attack. The anaconda constricts you.
You closely miss the anaconda.
The anaconda is severely wounded.
You slash the phantasmal warrior! You barely miss the phantasmal warrior.
You block the anaconda's attack. The anaconda constricts you.
The naga warrior hits you from afar with a +0 trident!!
* * * LOW HITPOINT WARNING * * *
The phantasmal warrior hits you!
* * * LOW HITPOINT WARNING * * *
The phantasmal warrior hits you!
* * * LOW HITPOINT WARNING * * *
The black mamba closely misses you.
You escape the anaconda's grasp.
The anaconda attacks as you move away! The anaconda bites you.
* * * LOW HITPOINT WARNING * * *
The phantasmal warrior gestures at you.
The phantasmal warrior blinks!
The anaconda grabs you.
The anaconda bites you but does no damage.
The anaconda constricts you.
The anaconda's grasp on you weakens, but your attempt to escape fails.
The black mamba bites you!
* * * LOW HITPOINT WARNING * * *
The anaconda bites you but does no damage.
The anaconda constricts you.
* * * LOW HITPOINT WARNING * * *
The black mamba bites you but does no damage.
The naga warrior hits you from afar with a +0 trident!!
* * * LOW HITPOINT WARNING * * *
The phantasmal warrior gestures at you.
The phantasmal warrior blinks!
You block the phantasmal warrior's attack.
The phantasmal warrior hits you!
You die...

#...# ....... ......
#<..##... .... .....
.#....#.# # ... ....
........#+#.##.. §N.
####..##........##~~# ~#
....(......###...§..##..[
####.............NS......
...'........ #WSW...###
...#.......^# #.@S.....#
...#........# ##.....#.#
#'##........# #.#+#W#
#.##........####.# ?#
.................# .
.......####......# .
......#..........#+ ..
......#+##...........
.........#'####.......


You could see 2 naga warriors, 2 anacondas, 3 phantasmal warriors and a black
mamba.

Vanquished Creatures
  An orc warlord (Bailey)
  Snorg (Lair:3)
  An ettin (Orc:1)
  A fire dragon (D:14)
  4 vault guards (D:14)
  Erolcha (D:13)
  4 catoblepae
  12 two-headed ogres
  4 ogre magi (Orc:2)
  4 boulder beetles
  4 centaur warriors (D:14)
  2 tengu warriors (D:14)
  Urug (D:11)
  5 death yaks (Lair:5)
  Amaemon (Lair:3)
  A skyshark (Lair:4)
  A fire crab (shapeshifter) (D:14)
  2 bog bodies (Lair:3)
  3 deep elf pyromancers
  A lindwurm (Lair:4)
  A phantasmal warrior (Snake:1)
  An ugly thing (D:13)
  An orc sorcerer (Orc:2)
  3 cyclopes
  3 manticores
  Joseph (D:7)
  10 black mambas
  A gargoyle (D:14)
  An orange demon (Lair:3)
  12 cane toads
  2 rime drakes
  9 komodo dragons
  An efreet (D:13)
  5 yaktaurs (D:11)
  2 unseen horrors
  2 kobold demonologists (D:10)
  A meliai (D:14)
  A tarantella (shapeshifter) (D:14)
  4 trolls
  2 polar bears
  7 dream sheep (Lair:5)
  17 blink frogs
  A dream sheep (shapeshifter) (D:13)
  A centaur simulacrum (D:14)
  A shadow (D:11)
  62 yaks
  5 wraiths
  A vampire (D:13)
  4 fire bats (Orc:2)
  Grum (D:9)
  4 wyverns
  3 basilisks
  9 vampire mosquitoes
  5 wargs
  An acid dragon (D:12)
  2 nagas (Lair:2)
  2 swamp worms (Lair:3)
  18 water moccasins
  A meliai simulacrum (D:14)
  18 orc warriors
  A hornet zombie (D:7)
  Pargi (Sewer)
  A sky beast (D:7)
  2 black bears
  27 ogres
  17 centaurs
  17 wolves
  7 kobold brigands
  8 bullfrogs
  3 necrophages (D:7)
  2 gnoll sergeants
  A wyvern zombie (D:7)
  5 scorpions
  7 wights
  10 killer bees
  4 electric eels
  A howler monkey (D:8)
  11 orc priests
  3 jellies
  A sleepcap (D:5)
  4 hounds (D:5)
  2 iguanas
  19 orc wizards
  Terence (D:2)
  A killer bee zombie (D:7)
  A mummy (Ossuary)
  A howler monkey zombie (D:7)
  10 adders
  20 gnolls
  5 white imps
  2 ufetubi
  A worm (D:3)
  3 dart slugs
  51 orcs
  2 spectral bats (Ossuary)
  11 ball pythons
  8 endoplasms
  4 giant cockroaches
  27 goblins
  15 hobgoblins
  6 jackals
  A quokka (D:4)
  5 bats
  4 bat simulacra (Ossuary)
  6 frilled lizards
  12 gnoll zombies (Ossuary)
  3 goblin simulacra (Ossuary)
  7 goblin zombies (Ossuary)
  2 hobgoblin zombies (Ossuary)
  31 kobolds
  2 kobold simulacra (Ossuary)
  3 kobold zombies (Ossuary)
  6 orc zombies (Ossuary)
  10 rats
  3 rat simulacra (Ossuary)
  A rat zombie (D:4)
  2 spectral goblins (Ossuary)
  4 spectral kobolds (Ossuary)
  5 spectral rats (Ossuary)
710 creatures vanquished.

Vanquished Creatures (others)
  A manticore (D:14)
1 creature vanquished.

Grand Total: 711 creatures vanquished

Notes
Turn   | Place    | Note
-------+----------+-------------------------------------------
     0 | D:1      | Mahakala the Minotaur Berserker began the quest for the
                  | Orb.
     0 | D:1      | Reached XP level 1. HP: 19/19 MP: 0/0
    68 | D:1      | Found a faded altar of an unknown god.
   152 | D:1      | Reached skill level 4 in Axes
   192 | D:1      | Reached XP level 2. HP: 27/27 MP: 1/1
   436 | D:1      | Reached XP level 3. HP: 33/33 MP: 2/2
   775 | D:2      | Noticed Terence
   790 | D:2      | Killed Terence
   791 | D:2      | Reached skill level 5 in Axes
   829 | D:2      | Reached ** piety under Trog
   830 | D:2      | Reached XP level 4. HP: 38/41 MP: 3/3
  1232 | D:3      | Found Hotrod's Weapon Shop.
  1298 | D:3      | Reached skill level 6 in Axes
  1390 | D:3      | Reached XP level 5. HP: 47/47 MP: 4/4
  1393 | D:3      | Reached skill level 5 in Fighting
  1794 | D:4      | Found a glowing drain.
  1809 | Sewer    | Entered a sewer
  1819 | Sewer    | Reached *** piety under Trog
  1864 | Sewer    | Noticed Pargi
  1871 | Sewer    | Killed Pargi
  1872 | Sewer    | Reached skill level 7 in Axes
  1872 | Sewer    | Reached XP level 6. HP: 53/56 MP: 5/5
  2048 | D:4      | Found a sand-covered staircase.
  2059 | Ossuary  | Entered an ossuary
  2167 | Ossuary  | Reached **** piety under Trog
  2287 | Ossuary  | Reached skill level 8 in Axes
  2710 | D:4      | Reached XP level 7. HP: 63/63 MP: 6/6
  2806 | D:4      | Found a white marble altar of Elyvilon.
  2813 | D:4      | Found a hide-covered altar of Uskayaw.
  2818 | D:4      | Found a basalt altar of Yredelemnul.
  2825 | D:4      | Found an opulent altar of Gozag.
  2829 | D:4      | Found a snail-covered altar of Cheibriados.
  3099 | D:5      | Entered Level 5 of the Dungeon
  3360 | D:5      | Reached skill level 9 in Axes
  3507 | D:5      | Reached skill level 5 in Armour
  3521 | D:5      | Found a staircase to the Ecumenical Temple.
  3548 | D:5      | Reached XP level 8. HP: 65/70 MP: 7/7
  3916 | D:6      | Reached skill level 1 in Shields
  4132 | D:6      | Reached skill level 10 in Axes
  4199 | D:6      | Reached ***** piety under Trog
  4517 | D:7      | Found a blossoming altar of Fedhas.
  4563 | D:7      | Reached skill level 11 in Axes
  4696 | D:7      | Noticed Joseph
  4716 | D:7      | Killed Joseph
  4717 | D:7      | Reached skill level 5 in Shields
  4717 | D:7      | Reached XP level 9. HP: 75/75 MP: 8/8
  4881 | D:7      | Reached skill level 12 in Axes
  5278 | D:7      | Identified the +1 short sword of Insufficient Pleasure
                  | {chaos, Fly rPois rC+++ Will-}
  5720 | D:7      | Found a large runed translucent door.
  5720 | D:7      | Found a large runed translucent door.
  5724 | D:7      | Found a shimmering altar of Xom.
  5731 | D:7      | Received a gift from Trog
  5895 | D:8      | Found a flagged portal.
  5906 | Bailey   | Entered a bailey
  6260 | Bailey   | Noticed an orc warlord
  6282 | Bailey   | Killed an orc warlord
  6283 | Bailey   | Reached XP level 10. HP: 90/90 MP: 9/9
  6414 | Bailey   | Identified the +6 great sword of the Disbelieving Gods
                  | {heavy, +Blink rPois}
  6451 | Bailey   | Identified the +3 dagger of Abuse {heavy, +Blink Int+2
                  | Dex-3 SInv}
  7022 | D:9      | Reached skill level 15 in Axes
  7022 | D:9      | Reached XP level 11. HP: 97/97 MP: 10/10
  7042 | D:9      | Noticed Grum
  7061 | D:9      | Killed Grum
  7268 | D:9      | Reached skill level 10 in Fighting
  7268 | D:9      | Reached skill level 10 in Armour
  7353 | D:9      | Found a staircase to the Lair.
  7476 | D:9      | Reached skill level 16 in Axes
  7659 | D:9      | Identified the +1 scimitar of Trog's Esteem {heavy, Str+2}
                  | (Trog gifted it to you on level 9 of the Dungeon)
  7659 | D:9      | Received a gift from Trog
  8050 | D:10     | Entered Level 10 of the Dungeon
  8062 | D:10     | Reached skill level 10 in Shields
  8198 | D:10     | Found an ancient bone altar of Kikubaaqudgha.
  8256 | D:10     | Found the +7 staff of the Meek {protect, meekguard}
  8390 | D:10     | Found Wipuomn's Elemental Accessories.
  8501 | D:10     | Reached XP level 12. HP: 106/106 MP: 11/11
  9034 | D:11     | Noticed a boulder beetle
  9045 | D:11     | Killed a boulder beetle
  9090 | D:11     | Noticed Urug
  9106 | D:11     | Killed Urug
  9196 | D:11     | Reached skill level 17 in Axes
 10344 | Lair:1   | Entered Level 1 of the Lair of Beasts
 11187 | Lair:1   | Reached skill level 18 in Axes
 12029 | Lair:2   | Reached XP level 13. HP: 115/115 MP: 12/12
 12039 | Lair:2   | Received a gift from Trog
 12127 | Lair:2   | Found a runed translucent door.
 12127 | Lair:2   | Noticed math4jedi's ghost (journeyman MiBe)
 12144 | Lair:2   | Found an ornate altar of the Wu Jian Council.
 12224 | Lair:2   | Found a staircase to the Snake Pit.
 12817 | Lair:3   | Noticed Snorg
 12823 | Lair:3   | Killed Snorg
 13240 | Lair:3   | Noticed Amaemon
 13255 | Lair:3   | Killed Amaemon
 13543 | Lair:3   | Found a staircase to the Swamp.
 13935 | Lair:4   | Reached skill level 15 in Shields
 13967 | Lair:4   | Reached skill level 1 in Throwing
 14371 | Lair:4   | Found a staircase to the Slime Pits.
 14371 | Lair:4   | Found a viscous altar of Jiyva.
 14734 | Lair:5   | Entered Level 5 of the Lair of Beasts
 15847 | Lair:5   | Reached skill level 5 in Throwing
 15927 | Lair:5   | Received a gift from Trog
 15939 | Lair:5   | Reached XP level 14. HP: 132/132 MP: 13/13
 16827 | D:12     | Identified the +2 chain mail of Negation {rElec rF++ rC+
                  | Stlth-}
 16896 | D:12     | Found Ymuisejo's Magic Scroll Shop.
 16902 | D:12     | Reached skill level 15 in Fighting
 16908 | D:12     | Bought a scroll of blinking for 105 gold pieces
 16989 | D:12     | Found a staircase to the Orcish Mines.
 17109 | D:12     | Found an iron altar of Okawaru.
 17433 | D:13     | Noticed Erolcha
 17466 | D:13     | Killed Erolcha
 18010 | D:13     | Identified the ring of Quefuel {rF+ Will+}
 18331 | D:14     | Reached skill level 1 in Evocations
 18569 | D:14     | Identified the +0 ring mail of Punop {Rampage rF- Str+2
                  | Int+5}
 18792 | D:14     | Found a gate to the Vaults.
 18792 | D:14     | Identified a scroll of acquirement
 18803 | D:14     | Received a gift from Trog
 18811 | D:14     | Reached ****** piety under Trog
 19385 | Orc:1    | Entered Level 1 of the Orcish Mines
 19543 | Orc:2    | Entered Level 2 of the Orcish Mines
 19549 | Orc:2    | Reached XP level 15. HP: 141/141 MP: 14/14
 19555 | Orc:2    | Reached skill level 5 in Evocations
 19574 | Orc:2    | Found a staircase to the Elven Halls.
 20062 | Orc:2    | Found Xippu's Book Shop.
 20062 | Orc:2    | Found Nieciasa's Antique Weapon Shoppe.
 20064 | Orc:2    | Found Igedo's Jewellery Boutique.
 20064 | Orc:2    | Found Xehuonogh's Assorted Antiques.
 20087 | Orc:2    | Bought a manual of Throwing for 880 gold pieces
 20300 | Orc:1    | Acquired a manual of Evocations
 20432 | Orc:1    | Received a gift from Trog
 21190 | Orc:2    | Bought a ring of poison resistance for 240 gold pieces
 21322 | Snake:1  | Entered Level 1 of the Snake Pit
 21401 | Snake:1  | HP: 6/141 [naga warrior/+0 trident (18)]
 21401 | Snake:1  | Slain by a phantasmal warrior

Illustrated notes

Levels and vault maps discovered:
D:1:      minmay_arrival_four_houses, layout_basic, basic_ecumenical_altar,
          kennysheep_doodads
D:2:      layout_rooms, uniq_terence
D:3:      layout_rooms, gammafunk_ghost_necromancy, serial_shops, shop
D:4:      layout_gridville, minmay_overflow_temple_star_hex, enter_ossuary_3,
          cheibrodos_sewer_entry_drain, reono_crystal_passage,
          minmay_misc_feat_room
D:5:      layout_basic, minmay_temple_entry_arrows
D:6:      layout_rooms
D:7:      due_chaos_kobolds, layout_basic, fedhas_altar_decomposition,
          minmay_statues_item, lemuel_flamethrower_1, uniq_joseph
D:8:      layout_basic, enter_bailey_3
D:9:      layout_grid_maze, minmay_lair_entry_grove, uniq_grum
D:10:     layout_small_grid, lemuel_doored_altar, nicolae_elemental_shop
D:11:     layout_stronghold, uniq_urug
D:12:     layout_roguey, orc_0_dummy, serial_shops, shop_statue,
          okawaru_ov_weapons_minmay
D:13:     layout_basic, uniq_erolcha
D:14:     layout_rooms, lightli_vaults_fourway_checkpoint, minmay_misc_feat_chi
Lair:1:   layout_cave_pods, infiniplex_staircase_pool_2, serial_bayou_shore_a
Lair:2:   layout_gridlike, guppyfry_snake_entry_garden, gammafunk_ghost_grave,
          basic_altar, grunt_megastairs_2
Lair:3:   layout_gridlike, nicolae_swamp_entry_splash_gauntlet, serial_bayou,
          serial_bayou_crossing, serial_bayou_pond_c, serial_bayou_lake_a,
          serial_bayou_ford_a, serial_bayou_pond_c, serial_bayou_pond_d,
          uniq_snorg, uniq_amaemon
Lair:4:   layout_roguey, slime_entry_1, infiniplex_staircase_pool,
          grunt_megastairs_1
Lair:5:   evilmike_catoblepas_cave, layout_cellular_growth,
          nicolae_quartered_pool_impasse
Snake:1:  layout_basic, nicolae_snake_ghostly_warrior_ritual, grunt_megastairs_5
Orc:1:    layout_caves, basic_altar, abandoned_shop, lemuel_statue_altar
Orc:2:    st_orc_ogre_mass, layout_caves, nicolae_orc_lava_tube

Skill      XL: |  1  2  3  4  5  6  7  8  9 10 11 12 13 14 15 |
---------------+----------------------------------------------+-----
Axes           | 4 5 6 7 8 9 11 12 15 16 18 | 18.0
Fighting       | 4 5 6 8 9 10 14 15 | 15.0
Armour         | 5 6 8 9 10 13 14 | 14.8
Shields        | 5 9 10 13 15 | 15.0
Throwing       | 5 7 |  7.0
Evocations     | 4 7 |  7.2
Dodging        | |  2.1

Action                     |  1- 3 |  4- 6 |  7- 9 | 10-12 | 13-15 || total
---------------------------+-------+-------+-------+-------+-------++-------
  Melee: Hand axe          |    72 |       |       |       |       ||    72
         Headbutt          |     6 |    17 |    66 |    84 |   201 ||   374
         Punch             |     3 |       |     2 |       |       ||     5
         War axe           |       |   171 |   337 |    37 |       ||   545
         Broad axe         |       |       |       |   319 |   742 ||  1061
  Throw: Dart              |       |       |     2 |     4 |    14 ||    20
 Invoke: Berserk           |       |       |     4 |     4 |     4 ||    12
         Trog's Hand       |       |       |     1 |     1 |     6 ||     8
         Brothers in Arms  |       |       |     1 |       |       ||     1
  Evoke: Wand              |       |     1 |       |       |     3 ||     4
    Use: Scroll            |       |     9 |     7 |    12 |     5 ||    33
         Potion            |       |       |       |     1 |       ||     1
 Armour: Animal skin       |     7 |       |       |       |       ||     7
         Ring mail         |    15 |    20 |       |       |       ||    35
         Chain mail        |       |    41 |   133 |       |   166 ||   340
         Plate armour      |       |       |     9 |   139 |   119 ||   267
  Dodge: Dodged            |    55 |    63 |    80 |    76 |   169 ||   443
  Block: Buckler           |       |       |    32 |     6 |       ||    38
         Kite shield       |       |       |       |   193 |   393 ||   586
